 Dungeon Crawl Stone Soup version 0.25-a0-578-gc91f01c39c (webtiles) character file.

Game seed: 15972440598781630393, levelgen mode: deterministic

24 Delarado the Grave Robber (level 2, 22/22 HPs)
             Began as a Demonspawn Necromancer on Mar 4, 2020.
             Quit the game on level 1 of the Dungeon on Mar 5, 2020.
             The game lasted 00:03:58 (1411 turns).

Delarado the Grave Robber (Demonspawn Necromancer)  Turns: 1411, Time: 00:03:59

Health: 22/22      AC:  6    Str:  8    XL:     2   Next: 79%
Magic:  5/5        EV: 12    Int: 16    God:
Gold:   66         SH:  0    Dex: 13    Spells: 3/5 levels left

rFire    . . .     SeeInvis .   d - +0 dagger
rCold    . . .     Gourm    .   (no shield)
rNeg     . . .     Faith    .   a - +0 robe
rPois    .         Spirit   .   (helmet restricted)
rElec    .         Reflect  .   (no cloak)
rCorr    .         Harm     .   (no gloves)
MR       .....                  (no boots)
Stlth    ++........             (no amulet)
HPRegen  0.07/turn              j - +4 ring of protection
MPRegen  0.09/turn              (no ring)

@: no status effects
A: horns 1
a: no special abilities


You were on level 1 of the Dungeon.
You were not hungry.

You visited 1 branch of the dungeon, and saw 1 of its levels.

You collected 66 gold pieces.

Inventory:

Hand Weapons
 d - a +0 dagger (weapon)
Missiles
 e - 46 stones (quivered)
Armour
 a - a +0 robe (worn)
Jewellery
 j - a +4 ring of protection (left hand)
Scrolls
 b - 6 scrolls of identify {unknown}
 f - a scroll of magic mapping {unknown}
 h - 2 scrolls of remove curse {unknown}
 k - a scroll of teleportation {unknown}
Potions
 g - a potion of degeneration {unknown}
Comestibles
 c - 3 rations


   Skills:
 + Level 1.6 Fighting
 - Level 1.7 Dodging
 - Level 1.7 Stealth
 - Level 2.0 Spellcasting
 + Level 4.9 Necromancy


You had 3 spell levels left.
You knew the following spells:

 Your Spells              Type           Power        Failure   Level  Hunger
a - Pain                  Necr           ###.         2%          1    #......
b - Animate Skeleton      Necr           N/A          2%          1    #......

Your spell library contained the following spells:

 Spells                   Type           Power        Failure   Level  Hunger
 Vampiric Draining        Necr           ###.......   9%          3    ###....
 Animate Dead             Necr           N/A          26%         4    #####..
 Agony                    Necr           ###.....     58%         5    ######.


Dungeon Overview and Level Annotations

Branches:
Dungeon (1/15)

Altars:


Innate Abilities, Weirdness & Mutations

You have a pair of small horns on your head.


Message History

You puncture the frilled lizard!
You kill the frilled lizard!
No target in view!
You butcher the frilled lizard corpse.
i - a chunk of flesh You see here a frilled lizard skeleton. x2
You now have 66 gold pieces (gained 10).
You see here a frilled lizard skeleton.
Eating a chunk of flesh.
You eat the chunk of flesh.
This raw flesh tastes terrible.
You see here a frilled lizard skeleton.
You see here a plate armour.
Done exploring.
Done exploring.
Saving game... please wait.
Welcome back, Delarado the Demonspawn Necromancer.
Press ? for a list of commands and other information.
No monsters, items or features are visible.
No monsters, items or features are visible.
Are you sure you want to abandon this character and quit the game? (Confirm with "yes".)

#.# #÷#...##≈≈≈.P.≈≈≈##..#
#.##########.#..##≈≈P..8..P≈≈##.#
#............#..#≈≈≈.......≈≈≈#.#
##############..#≈P.8..<..8.P≈#.#
#..............#≈≈≈.......≈≈≈#..
#.###########.###≈≈P..8..P≈≈####
#.# #.....#.##≈≈≈.P.≈≈≈##.## #.#
#.#####..##≈≈≈≈≈≈≈##..#. #.###
#.# ##@..#########...#. #...##
#.####..### #########... #.#..#
#........# #.......###. #.#..#
#........####.......# #. ###..#
#...................# ##
#.######.####..............#
##..##....###..............#
###.#.....##.....##.......#
##..##.....##.....##.......#


There were no monsters in sight!

Vanquished Creatures
  A dart slug (D:1)
  3 bats (D:1)
  A giant cockroach (D:1)
  2 goblins (D:1)
  2 hobgoblins (D:1)
  2 jackals (D:1)
  3 frilled lizards (D:1)
  A kobold (D:1)
  7 rats (D:1)
22 creatures vanquished.

Vanquished Creatures (collateral kills)
  A bat (D:1)
1 creature vanquished.

Grand Total: 23 creatures vanquished

Notes
Turn   | Place    | Note
-------+----------+-------------------------------------------
     0 | D:1      | Delarado the Demonspawn Necromancer began the quest for the
                  | Orb.
     0 | D:1      | Reached XP level 1. HP: 13/13 MP: 3/3
   266 | D:1      | Reached skill level 1 in Fighting
   505 | D:1      | Gained mutation: You have a pair of small horns on your
                  | head. [demonic ancestry]
   505 | D:1      | Reached XP level 2. HP: 19/21 MP: 1/5
   743 | D:1      | Learned a level 1 spell: Animate Skeleton
  1411 | D:1      | Quit the game

Levels and vault maps discovered:
D:1:      lightli_arrival_statuegarden, layout_basic, grunt_decor_resistance

Skill      XL: |  1 |
---------------+----+-----
Fighting       | 1 |  1.6
Dodging        | |  1.7
Stealth        | |  1.7
Spellcasting   | |  2.0
Necromancy     | |  4.9

Action                   || total
-------------------------++-------
Melee: Dagger            ||     6
       Headbutt          ||     2
Throw: Stone             ||     1
 Cast: Pain              ||    28
       Animate Skeleton  ||     5
 Stab: Sleeping          ||     1
  Eat: Chunk             ||     2
Armor: Robe              ||     1
Dodge: Dodged            ||     5

Table legend:
 A = Non-vault XP
 B = Vault XP
 C = Vault XP percentage of total XP
 D = Non-vault monster count
 E = Vault monster count
 F = Vault count percentage of total count
                 A         B        C        D         E       F
            +---------+---------+-------+---------+---------+-------
      Total |      35 |       0 |   0.0 |      23 |       0 |   0.0
            +---------+---------+-------+---------+---------+-------
        D:1 |      35 |       0 |   0.0 |      23 |       0 |   0.0
            +---------+---------+-------+---------+---------+-------
